 Dungeon Sprint DCSS version 0.29-a0-364-g921d912d32 (webtiles) character file.

Game seed: 2403402229830816965

117 mhtbhm the Slicer (level 5, -4/37 HPs)
             Began as a Kobold Berserker on Apr 30, 2022.
             Was an Elder of Trog.
             Slain by Prince Ribbit (9 damage)
             ... in the Dungeon (Sprint VII: "The Pits").
             The game lasted 00:00:51 (632 turns).

mhtbhm the Slicer (Kobold Berserker)                 Turns: 632, Time: 00:00:52

Health: -4/37      AC:  8    Str: 16    XL:     5   Next: 22%
Magic:  5/5        EV: 15    Int:  8    God:    Trog [****..]
Gold:   0          SH:  0    Dex: 15    Spells: 4/4 levels left

rFire   . . .      SeeInvis .   a - +0 dagger (drain)
rCold   . . .      Faith    .   (no shield)
rNeg    . . .      Spirit   .   b - +3 ring mail
rPois   .          Reflect  .   (no helmet)
rElec   .          Harm     .   (no cloak)
rCorr   .          Rampage  .   (no gloves)
Will    .....      NoTele   +   (no boots)
Stlth   +++.......              (no amulet)
HPRegen 0.12/turn               (no ring)
MPRegen 0.09/turn               (no ring)

@: no status effects
A: small, no large weapons, nightstalker 3
a: Renounce Religion, Berserk, Trog's Hand, Brothers in Arms


You were in the Dungeon.
You worshipped Trog.
Trog was greatly pleased with you.
You visited 1 branch

Inventory:

Hand Weapons
 a - a +0 dagger of draining (weapon)
Armour
 b - a +3 ring mail (worn)
Scrolls
 h - a scroll of blinking
 j - a scroll of summoning
Potions
 c - 5 potions of curing
 d - 6 potions of heal wounds
 e - a potion of haste
 f - 4 potions of magic
 g - 3 potions of berserk rage
 i - 2 potions of invisibility


   Skills:
 + Level 6.7 Fighting
 + Level 8.5 Short Blades
 + Level 2.8 Armour
 + Level 4.6 Dodging
 + Level 3.0 Stealth


You had 4 spell levels left.
You didn't know any spells.
Your spell library was empty.

Dungeon Overview and Level Annotations

Branches:
Dungeon (1/1)

Altars:

Annotations:
D Prince Ribbit


Innate Abilities, Weirdness & Mutations

You are small and have problems with some larger weapons.
You are completely attuned to the shadows.


Message History

There is an open door here.
Prince Ribbit croaks.
A bat comes into view.
A quokka comes into view.
Prince Ribbit catches a blue-tailed skink with his tongue.
Prince Ribbit barely misses you. The bat barely misses you.
You barely miss Prince Ribbit. The bat hits you but does no damage.
Prince Ribbit completely misses you.
You hit the bat. You drain the bat.
The bat is severely wounded.
The bat completely misses you.
Prince Ribbit blinks!
You hit the bat.
You kill the bat!
Trog accepts your kill.
Prince Ribbit hops awkwardly around.
You see here a bat corpse.
Prince Ribbit blinks!
Prince Ribbit attacks as you move away! Prince Ribbit misses you.
Prince Ribbit hops awkwardly around.
Prince Ribbit blinks!
There is an open door here.
You hit Prince Ribbit but do no damage. Prince Ribbit completely misses you.
You closely miss Prince Ribbit. You completely miss Prince Ribbit.
Prince Ribbit hits you.
You closely miss Prince Ribbit. Prince Ribbit hits you.
You hit Prince Ribbit but do no damage. Prince Ribbit hits you!
You hit Prince Ribbit. You drain Prince Ribbit.
Prince Ribbit is lightly wounded.
Prince Ribbit hits you!
You closely miss Prince Ribbit.
Prince Ribbit is lightly wounded.
Prince Ribbit hits you!
* * * LOW HITPOINT WARNING * * *
You hit Prince Ribbit.
Prince Ribbit is lightly wounded.
Prince Ribbit blinks!
You swing at nothing.
You swing at nothing.
Prince Ribbit misses you.
You swing at nothing.
Prince Ribbit hits you!
You die...

#...........'.....
#'#####'#####.....
#.#†.#.)#†.##.....
#.#†.†..'..#####'#
#.##)####+###.....
#.#........##.....
#.#........##.....
#F#####'#####...<.
#@#...[))..##.....
#.#..[)))..##.....
#'###########.....
#..†....# ######
#..#.#..# #.##.#
.# #..r.. #
#.##.##


You could see Prince Ribbit (drained).

Vanquished Creatures
  An ice beast (D)
  An adder (D)
  An orc (D)
  A giant cockroach (D)
  A goblin (D)
  A hobgoblin (D)
  4 jackals (D)
  2 ball python skeletons (D)
  2 bats (D)
  A rat (D)
15 creatures vanquished.

Notes
Turn   | Place    | Note
-------+----------+-------------------------------------------
     0 | D        | mhtbhm the Kobold Berserker began the quest for the Orb.
     0 | D        | Reached XP level 1. HP: 14/14 MP: 1/1
   228 | D        | Reached ** piety under Trog
   242 | D        | Reached skill level 5 in Short Blades
   242 | D        | Reached skill level 1 in Stealth
   242 | D        | Reached XP level 2. HP: 19/20 MP: 2/2
   247 | D        | Reached *** piety under Trog
   276 | D        | Reached XP level 3. HP: 25/25 MP: 3/3
   278 | D        | Reached **** piety under Trog
   283 | D        | Reached skill level 6 in Short Blades
   392 | D        | Noticed Prince Ribbit
   392 | D        | Noticed an ice beast
   406 | D        | Killed an ice beast
   407 | D        | Reached skill level 8 in Short Blades
   407 | D        | Reached XP level 4. HP: 14/32 MP: 4/4
   407 | D        | Reached XP level 5. HP: 16/37 MP: 5/5
   632 | D        | Slain by Prince Ribbit

Illustrated notes

Levels and vault maps discovered:
D:        pitsprint [storerooms_1, entrance_room_1, metal_vault_2, armoury_1,
          mini_pit_1, grid_room_1, main_hall_1, silver_pit, the_coven_2,
          the_vestibule_1, steel_vault_5, golden_pit, hallway_of_sentries,
          crystal_vault_2, iron_vault_4, final_vault]

Skill      XL: |  1  2  3 |
---------------+----------+-----
Fighting       | 4 6 |  6.7
Short Blades   | 5 8 |  8.5
Armour         | 2 |  2.8
Dodging        | 3 4 |  4.6
Stealth        | 1 3 |  3.0

Action                   |  1- 3 |  4- 6 || total
-------------------------+-------+-------++-------
Melee: Dagger            |    43 |    11 ||    54
       Short sword       |     4 |       ||     4
Invok: Berserk           |     2 |       ||     2
  Use: Potion            |     1 |       ||     1
 Stab: Sleeping          |     2 |       ||     2
Armor: Animal skin       |     5 |       ||     5
       Ring mail         |       |     1 ||     1
Dodge: Dodged            |    25 |     7 ||    32

Table legend: (Time is in decaauts)
 A = Elapsed time spent in this place.
 B = Non-inter-level travel time spent in this place.
 C = Inter-level travel time spent in this place.
 D = Time resting spent in this place.
 E = Time spent auto-exploring this place.
 F = Levels seen in this place.
 G = Mean time per level.
                   A        B        C        D        E       F      G
               +--------+--------+--------+--------+--------+-----+--------+
         Total |    637 |    637 |      0 |    459 |     26 |   1 |  637.0 |
       Dungeon |    637 |    637 |      0 |    459 |     26 |   1 |  637.0 |
               +--------+--------+--------+--------+--------+-----+--------+

Top non-repeatable levels by time:
       D: 637 daAuts
